 Dungeon Crawl Stone Soup version 0.31.0-11-ge490571c62 (webtiles) character file.

Game seed: 15231078531808275734

27 qw the Shooter (level 2, -7/14 HPs)
             Began as a Spriggan Hunter on Feb 4, 2024.
             Mangled by a gnoll
             ... wielding a +2 flail of protection
              (11 damage)
             ... on level 2 of the Dungeon.
             The game lasted 00:00:24 (791 turns).

qw the Shooter (Spriggan Hunter)                     Turns: 791, Time: 00:00:24

Health: -7/14      AC:  2    Str:  7    XL:     2   Next: 93%
Magic:  3/3        EV: 19    Int: 10    God:
Gold:   52         SH:  0    Dex: 18    Spells: 1/1 levels left

rFire   . . .        a - +0 shortbow
rCold   . . .        (shield currently unavailable)
rNeg    . . .        c - +0 robe
rPois   .            (helmet restricted)
rElec   .            (no cloak)
rCorr   .            (gloves unavailable)
SInv    +            (boots unavailable)
Will    .....        h - amulet of the acrobat
Stlth   ++           (no ring)
HPRegen 0.22/turn    (no ring)
MPRegen 0.08/turn

%: acrobat
@: very quick
A: very small, no large weapons, unfitting armour, see invisible, speed 3
a: no special abilities


You were on level 2 of the Dungeon.
You visited 1 branch of the dungeon, and saw 2 of its levels.

You collected 52 gold pieces.


Innate Abilities, Weirdness & Mutations

You are very small and have problems with some larger weapons.
You are too small for most types of armour.
You have supernaturally acute eyesight. (SInv)
You cover ground extremely quickly. (Speed+++)


   Skills:
 - Level 1.5 Fighting
 + Level 4.3 Ranged Weapons
 - Level 4.1 Dodging
 - Level 1.5 Stealth


You had one spell level left.
You didn't know any spells.
Your spell library was empty.

Inventory:

Hand Weapons
 a - a +0 shortbow (weapon)
Armour
 c - a +0 robe (worn)
Jewellery
 h - an amulet of the acrobat (around neck)
Potions
 f - a potion of curing {unknown}

Dungeon Overview and Level Annotations

Branches:
Dungeon (2/15)

Altars:


Message History

The quokka bites you. The quokka misses you.
You shoot an arrow. The arrow hits the quokka.
You kill the quokka!
You start resting.
HP restored.
There is an open door here.
Found a robe.
Found a pair of gloves.
A gnoll comes into view.
It is wielding a +2 flail of protection.
You shoot an arrow.
The arrow hits the gnoll but does no damage.
A gnoll comes into view. It is wielding a +0 whip.
You shoot an arrow. The gnoll shouts!
The arrow hits the gnoll but does no damage.
A gnoll comes into view. It is wielding a +0 halberd.
781 ||| RETREEEEATING.
782 ||| RETREEEEATING.
You shoot an arrow. The arrow closely misses the gnoll.
You shoot an arrow.
The arrow hits the gnoll but does no damage.
You shoot an arrow. The arrow completely misses the gnoll.
You shoot an arrow.
The arrow hits the gnoll but does no damage.
787 ||| RETREEEEATING.
There is an open door here.
You shoot an arrow.
The arrow hits the gnoll but does no damage.
The gnoll misses you.
789 ||| RETREEEEATING.
There is a stone staircase leading down here.
You shoot an arrow. The arrow hits the gnoll.
The gnoll is lightly wounded.
You shoot an arrow.
The arrow hits the gnoll but does no damage.
The gnoll hits you with a +2 flail of protection!
Ouch! That really hurt!
The gnoll hits you with a +2 flail of protection!
Ouch! That really hurt!
You die...

.......g.......
....)..........
#......[...
####.......#
+..........#
$###........#
.......g....#
.######g##### #@# #.#
#.# #.### #..(# ###.#
#.# ...####.#######
#)........#..########


You could see 2 gnolls.

Vanquished Creatures
  A dart slug (D:1)
  A ribbon worm (D:2)
  3 bats (D:1)
  3 endoplasms
  2 giant cockroaches (D:1)
  3 goblins (D:1)
  A hobgoblin (D:1)
  2 quokkas
  2 kobolds (D:1)
  2 rats (D:1)
20 creatures vanquished.

Notes
Turn   | Place    | Note
-------+----------+-------------------------------------------
     0 | D:1      | qw the Spriggan Hunter began the quest for the Orb.
     0 | D:1      | Reached XP level 1. HP: 10/10 MP: 2/2
     0 | D:1      | 0 ||| qw: Version: 0.3-a-160-g6735b56
     0 | D:1      | 0 ||| qw: Game counter: 5930
     0 | D:1      | 0 ||| qw: Melee chars always use a shield: true
     0 | D:1      | 0 ||| qw: God list: Okawaru
     0 | D:1      | 0 ||| qw: Allow faded altars: false
     0 | D:1      | 0 ||| qw: Do Orc after clearing Dungeon:15 true
     0 | D:1      | 0 ||| qw: Do second Lair branch before Depths: true
     0 | D:1      | 0 ||| qw: Lair rune preference: random
     0 | D:1      | 0 ||| qw: Goals: Normal
     0 | D:1      | 0 ||| PLANNING D:1-11
   120 | D:1      | Reached skill level 3 in Dodging
   193 | D:1      | Reached XP level 2. HP: 14/14 MP: 3/3
   662 | D:1      | 662 ||| UPGRADING to amulet of the acrobat.
   667 | D:1      | 667 ||| READING scroll labelled SUNEOH BASA.
   668 | D:1      | 668 ||| READING scroll labelled KEGYAKA XIZON.
   669 | D:1      | 669 ||| READING 2 scrolls labelled BUIGIS MALUSE.
   670 | D:1      | 670 ||| READING scroll labelled AMNEOSATWA.
   694 | D:1      | 694 ||| DROPPING scroll of butterflies.
   695 | D:1      | 695 ||| DROPPING scroll of fear.
   781 | D:2      | 781 ||| RETREEEEATING.
   782 | D:2      | 782 ||| RETREEEEATING.
   787 | D:2      | 787 ||| RETREEEEATING.
   789 | D:2      | 789 ||| RETREEEEATING.
   791 | D:2      | Mangled by a gnoll

Levels and vault maps discovered:
D:1:      sevenhm_arrival_forest_fort_small_5, layout_basic, minmay_ruptured
D:2:      layout_basic, serial_shops, shop

Skill      XL: |  1  2 |
---------------+-------+-----
Dodging        | 3 4 |  4.1
Fighting       | |  1.5
Ranged Weapons | |  4.3
Stealth        | |  1.5

Action                     || total
---------------------------++-------
   Fire: Shortbow          ||    61
    Use: Scroll            ||     4
 Armour: Robe              ||     7
  Dodge: Dodged            ||    10

Table legend:
 A = Non-vault XP
 B = Vault XP
 C = Vault XP percentage of total XP
 D = Non-vault monster count
 E = Vault monster count
 F = Vault count percentage of total count
                 A         B        C        D         E       F
            +---------+---------+-------+---------+---------+-------
      Total |      34 |       5 |  12.8 |      17 |       3 |  15.0
            +---------+---------+-------+---------+---------+-------
        D:1 |      26 |       5 |  16.1 |      14 |       3 |  17.6
        D:2 |       8 |       0 |   0.0 |       3 |       0 |   0.0
            +---------+---------+-------+---------+---------+-------
